AoeStats
← Jacks story

Black Forest

509727495Analyzed
3v3 RM · 5d ago on Sep 27, 2026· 72m 53s· 6 players
Game mode
Random Map
Map size
Normal (6 player)
Population
200
Speed
Normal
Resources
Standard
Victory
Conquest
Starting age
Dark Age
Ending age
Imperial Age
RankedLock teamsTeams togetherTeam positionsShared explorationLock speedFull tech treeHidden civsTurbo modeCheats
Victory
Defeat
🇫🇷 Danes · France
1142
+14
🇺🇸 Varangians · United States
1101
+16
🇺🇾 Saxons · Uruguay
1090
+16
🇩🇪 Varangians · Germany
1105
-15
🇩🇪 Italians · Germany
1103
-16
🇩🇪 Bohemians · Germany
1087
-15
Jacks story
11:43 Feudal Age
12:11 Double-Bit Axe
12:20 Horse Collar
17:18 Castle Age
15:22 Loom
16:14 Wheelbarrow
15:34 Loom
18:57 Bow Saw
19:22 Heavy Plow
20:39 Bloodlines
24:24 Stone Mining
24:25 Gold Mining
24:27 Stone Mining
25:54 Husbandry
26:26 Hand Cart
27:42 Light Cavalry
28:51 Forging
28:46 Scale Barding Armor
33:07 Imperial Age
33:29 Chain Barding Armor
33:44 Iron Casting
35:04 Two-Man Saw
34:37 Crop Rotation
33:55 Town Watch
34:35 Conscription
33:40 Elite Jarl
35:28 Caravan
37:30 Blast Furnace
37:06 Plate Barding Armor
37:28 Vendel Legacy
39:03 Fletching
42:06 Ballistics
42:47 Chemistry
41:29 Treadmill Crane
42:00 Masonry
41:15 Hussar
41:18 Cavalier
59:16 Architecture
58:57 Fortified Wall
58:53 Siege Engineers
58:45 Murder Holes
58:13 Gothikon
72:15 Hussar
bandreol
0:38 Loom
10:49 Feudal Age
11:23 Double-Bit Axe
19:48 Horse Collar
22:51 Castle Age
21:35 Fletching
23:22 Crossbowman
25:07 Bodkin Arrow
26:11 Fishing Lines
29:45 Wheelbarrow
29:53 Padded Archer Armor
30:41 Bow Saw
34:31 Imperial Age
32:39 Gold Mining
32:39 Stone Mining
34:48 Heavy Plow
34:51 Arbalester
35:35 Bracer
37:41 Chemistry
37:03 Ballistics
38:18 Thumb Ring
38:40 Conscription
40:02 Treadmill Crane
40:55 Hand Cart
41:37 Masonry
43:44 Gold Shaft Mining
42:59 Stone Mining
43:38 Leather Archer Armor
43:31 Town Watch
44:00 Forging
44:48 Murder Holes
44:59 Siege Engineers
45:25 Architecture
45:01 Guard Tower
45:23 Fortified Wall
46:01 Guilds
48:40 Ring Archer Armor
49:07 Keep
51:12 Hoardings
51:26 Caravan
52:10 Town Patrol
56:54 Two-Man Saw
55:57 Heavy Plow
55:50 Gillnets
57:13 Sanctity
60:35 Squires
60:21 Gambesons
60:00 Pikeman
61:30 Scale Mail Armor
61:41 Forging
61:21 Arson
61:03 Elite Varangian Guard
63:20 Chain Mail Armor
64:23 Halberdier
66:13 Iron Casting
66:09 Plate Mail Armor
67:58 Elite Skirmisher
69:34 Coinage
69:55 Shield Wall
71:39 Banking
Saint Innocent
12:46 Feudal Age
12:04 Loom
14:24 Double-Bit Axe
17:15 Castle Age
16:36 Horse Collar
19:10 Wheelbarrow
19:29 Heavy Plow
19:51 Bow Saw
24:23 Heavy Plow
25:41 Hand Cart
30:39 Imperial Age
28:10 Town Watch
28:04 Hamask
30:59 Forging
30:50 Scale Mail Armor
32:45 Chemistry
32:06 Ballistics
32:41 Conscription
31:55 Onager
32:55 Town Patrol
34:47 Elite Jomsviking
34:51 Northmen's Fury
36:13 Elite Jomsviking
37:11 Gambesons
37:26 Squires
37:12 Arson
38:17 Man-at-Arms
39:35 Iron Casting
39:17 Chain Mail Armor
39:02 Long Swordsman
39:56 Gold Mining
39:59 Stone Mining
39:51 Siege Onager
41:53 Blast Furnace
41:16 Caravan
41:13 Two-Handed Swordsman
41:57 Champion
49:52 Pikeman
51:06 Halberdier
53:44 Plate Mail Armor
67:38 Thumb Ring
66:54 Elite Skirmisher
Cautes.54
0:58 Loom
17:22 Feudal Age
18:45 Double-Bit Axe
18:43 Horse Collar
27:56 Castle Age
28:28 Wheelbarrow
29:20 Fletching
29:32 Scale Mail Armor
29:43 Forging
30:31 Bodkin Arrow
31:09 Hand Cart
33:27 Bow Saw
38:07 Imperial Age
35:53 Squires
38:03 Man-at-Arms
38:29 Arson
39:07 Chain Mail Armor
39:27 Iron Casting
40:33 Chemistry
39:55 Heavy Scorpion
40:15 Pikeman
45:16 Plate Mail Armor
45:47 Blast Furnace
45:17 Long Swordsman
46:23 Two-Handed Swordsman
47:05 Town Watch
49:39 Champion
51:24 Masonry
52:27 Two-Man Saw
53:20 Heavy Plow
54:38 Town Patrol
56:40 Halberdier
57:59 Houfnice
58:47 Halberdier
61:18 Capped Ram
62:19 Town Patrol
Heinrich der Löwe
12:39 Feudal Age
13:16 Loom
16:29 Castle Age
14:12 Horse Collar
14:57 Double-Bit Axe
21:05 Fishing Lines
26:27 Husbandry
26:38 Bloodlines
28:02 Scale Barding Armor
28:08 Forging
28:19 Town Watch
30:34 Chain Barding Armor
31:20 Gold Mining
31:21 Stone Mining
32:06 Heavy Plow
32:17 Bow Saw
32:45 Iron Casting
36:09 Imperial Age
34:16 Wheelbarrow
34:58 Fletching
34:39 Light Cavalry
37:41 Plate Barding Armor
36:56 Cavalier
37:03 Vendel Legacy
38:04 Conscription
41:03 Blast Furnace
46:34 Caravan
47:27 Coinage
48:23 Bodkin Arrow
51:49 Hussar
57:53 Bracer
57:54 Padded Archer Armor
62:58 Banking
lumpy_space_princess
1:51 Loom
11:54 Feudal Age
15:54 Castle Age
14:08 Double-Bit Axe
17:17 Bow Saw
16:58 Horse Collar
22:42 Wheelbarrow
26:02 Heavy Plow
30:59 Imperial Age
28:45 Hand Cart
28:16 Town Watch
28:49 Fortified Wall
29:25 Gold Mining
30:28 Padded Archer Armor
32:36 Leather Archer Armor
33:23 Chemistry
33:40 Masonry
35:58 Ring Archer Armor
36:15 Fletching
37:33 Silk Road
37:59 Pirotechnia
39:42 Crop Rotation
40:07 Conscription
40:27 Hoardings
40:41 Town Patrol
41:51 Caravan
46:06 Bodkin Arrow
46:09 Light Cavalry
47:00 Bloodlines
46:50 Husbandry
46:58 Scale Barding Armor
47:04 Forging
47:42 Hussar
53:23 Elite Genoese Crossbowman
55:12 Bracer
55:33 Chain Barding Armor
55:48 Iron Casting
59:38 Thumb Ring
65:06 Cavalier
66:24 Plate Barding Armor
66:50 Blast Furnace
66:46 Coinage
67:55 Banking
Connection lost

Rejoining the realm…

Still unreachable

The connection could not be restored.

Session expired

The server has moved on; the page needs a fresh start.